PCL
CALGARY COWBOYS @ HOUSTON HAMMERTIME
09/07/2025
 
TOP OF THE 1ST
Calgary Cowboys batting - Pitching for Houston Hammertime : LHP Martín Reyes
Pitching: LHP Martín Reyes
Batting: RHB Clark Hodge 0-0: Called Strike
0-1: Foul Ball, location: 2F
0-2: Ball
1-2: Ball
2-2: Strikes out swinging
Batting: RHB Jorge Balencia 0-0: Ball
1-0: Called Strike
1-1: Foul Ball, location: 2F
1-2: Ball
2-2: SINGLE (Groundball, 6MD)
Batting: LHB Terry Maloney 0-0: Ball
1-0: Foul Ball, location: 2F
1-1: Ball
2-1: Foul Ball, location: 2F
2-2: Ball
3-2: 2-RUN HOME RUN (Flyball, 78D), Distance : 375 ft
Batting: LHB Miguel Pérez 0-0: Fly out, F4 (Popup, 4D)
Batting: RHB Ramón Martínez 0-0: Ball
1-0: Foul Ball, location: 2F
1-1: Ball
2-1: Ground out 1-3 (Groundball, 13)
Top of the 1st over - 2 run(s), 2 hit(s), 0 error(s), 0 left on base; Calgary 2 - Houston 0
BOTTOM OF THE 1ST
Houston Hammertime batting - Pitching for Calgary Cowboys : LHP Jim Sheppard
Pitching: LHP Jim Sheppard
Batting: LHB Bartolo Villanueva 0-0: Ball
1-0: Ball
2-0: Called Strike
2-1: Fly out, F5 (Popup, 25)
Batting: RHB Rafael Torres 0-0: Called Strike
0-1: Swinging Strike
0-2: Foul Ball, location: 2F
0-2: Strikes out swinging
Batting: RHB Mario Beltrán 0-0: Ball
1-0: Ball
2-0: Called Strike
2-1: Foul Ball, location: 2F
2-2: Strikes out swinging
Bottom of the 1st over - 0 run(s), 0 hit(s), 0 error(s), 0 left on base; Calgary 2 - Houston 0
TOP OF THE 2ND
Calgary Cowboys batting - Pitching for Houston Hammertime : LHP Martín Reyes
Batting: RHB Shayne Burry 0-0: Ball
1-0: Swinging Strike
1-1: Ball
2-1: Foul Ball, location: 2F
2-2: Ball
3-2: Base on Balls
Batting: LHB Freddy Herrera 0-0: Ball
1-0: Fly out, F9 (Flyball, 9M)
Batting: RHB Mario Sánchez 0-0: Called Strike
0-1: Swinging Strike
0-2: Strikes out swinging
Batting: RHB Tom Yarbrough 0-0: Ball
1-0: Called Strike
1-1: SINGLE (Line Drive, 6MD)
Shayne Burry to second
Batting: RHB Clark Hodge 0-0: Ball
1-0: Ball
2-0: Ground out 6-3 (Groundball, 6)
Top of the 2nd over - 0 run(s), 1 hit(s), 0 error(s), 2 left on base; Calgary 2 - Houston 0
BOTTOM OF THE 2ND
Houston Hammertime batting - Pitching for Calgary Cowboys : LHP Jim Sheppard
Batting: LHB Juan Cabañas 0-0: Swinging Strike
0-1: Called Strike
0-2: Ball
1-2: Fly out, F6 (Popup, 6MD)
Batting: RHB Moo-hyun Pak 0-0: Ball
1-0: Fly out, F8 (Flyball, 89D)
Batting: LHB Enrique Valentín 0-0: Called Strike
0-1: Ball
1-1: Foul Ball, location: 2F
1-2: Foul Ball, location: 2F
1-2: Ball
2-2: DOUBLE (Flyball, 7M)
Batting: RHB Brian Smith 0-0: Foul Ball, location: 2F
0-1: Ground out 6-3 (Groundball, 6M)
Bottom of the 2nd over - 0 run(s), 1 hit(s), 0 error(s), 1 left on base; Calgary 2 - Houston 0
TOP OF THE 3RD
Calgary Cowboys batting - Pitching for Houston Hammertime : LHP Martín Reyes
Batting: RHB Jorge Balencia 0-0: Fly out, F8 (Flyball, 8LM)
Batting: LHB Terry Maloney 0-0: Foul Ball, location: 2F
0-1: Ball
1-1: Foul Ball, location: 2F
1-2: Strikes out looking
Batting: LHB Miguel Pérez 0-0: Fly out, F8 (Flyball, 8LM)
Top of the 3rd over - 0 run(s), 0 hit(s), 0 error(s), 0 left on base; Calgary 2 - Houston 0
BOTTOM OF THE 3RD
Houston Hammertime batting - Pitching for Calgary Cowboys : LHP Jim Sheppard
Batting: RHB Pedro Meza 0-0: Ball
1-0: Foul Ball, location: 2F
1-1: Called Strike
1-2: Foul Ball, location: 2F
1-2: Foul Ball, location: 2F
1-2: SINGLE (Line Drive, 8LS)
Batting: LHB Fernando Camacho 0-0: Ball
1-0: Fly out, F5 (Popup, 5L)
Batting: LHB Bartolo Villanueva 0-0: Foul Ball, location: 2F
0-1: SINGLE (Groundball, 5D)
Pedro Meza to second
Batting: RHB Rafael Torres 0-0: Foul Ball, location: 2F
0-1: Ball
1-1: Foul Ball, location: 2F
1-2: Ball
2-2: Strikes out swinging
Batting: RHB Mario Beltrán 0-0: Ball
1-0: Called Strike
1-1: Ball
2-1: DOUBLE (Groundball, 3L)
Pedro Meza scores
Bartolo Villanueva to third
Batting: LHB Juan Cabañas 0-0: Called Strike
0-1: Called Strike
0-2: Foul Ball, location: 2F
0-2: Ball
1-2: Fly out, F6 (Popup, 6S)
Bottom of the 3rd over - 1 run(s), 3 hit(s), 0 error(s), 2 left on base; Calgary 2 - Houston 1
TOP OF THE 4TH
Calgary Cowboys batting - Pitching for Houston Hammertime : LHP Martín Reyes
Batting: RHB Ramón Martínez 0-0: Fly out, F4 (Popup, 4)
Batting: RHB Shayne Burry 0-0: Foul Ball, location: 2F
0-1: Ball
1-1: Foul Ball, location: 2F
1-2: Ball
2-2: Foul Ball, location: 2F
2-2: Strikes out swinging
Batting: LHB Freddy Herrera 0-0: Ball
1-0: Ball
2-0: Called Strike
2-1: Foul Ball, location: 2F
2-2: Ground out U3 (Groundball, 3)
Top of the 4th over - 0 run(s), 0 hit(s), 0 error(s), 0 left on base; Calgary 2 - Houston 1
BOTTOM OF THE 4TH
Houston Hammertime batting - Pitching for Calgary Cowboys : LHP Jim Sheppard
Batting: RHB Moo-hyun Pak 0-0: Ball
1-0: Ball
2-0: Ground out 4-3 (Groundball, 34)
Batting: LHB Enrique Valentín 0-0: Called Strike
0-1: Ball
1-1: Swinging Strike
1-2: Foul Ball, location: 2F
1-2: Foul Ball, location: 2F
1-2: Ball
2-2: Ball
3-2: Strikes out swinging
Batting: RHB Brian Smith 0-0: Called Strike
0-1: Swinging Strike
0-2: Foul Ball, location: 2F
0-2: Strikes out swinging
Bottom of the 4th over - 0 run(s), 0 hit(s), 0 error(s), 0 left on base; Calgary 2 - Houston 1
TOP OF THE 5TH
Calgary Cowboys batting - Pitching for Houston Hammertime : LHP Martín Reyes
Batting: RHB Mario Sánchez 0-0: Ball
1-0: Ball
2-0: Ball
3-0: Called Strike
3-1: Foul Ball, location: 2F
3-2: Hit by Pitch
Batting: RHB Tom Yarbrough 0-0: Called Strike
0-1: Ball
1-1: Grounds into double play, 5-4-3 (Groundball, 56)
Batting: RHB Clark Hodge 0-0: Called Strike
0-1: Ball
1-1: Called Strike
1-2: Strikes out looking
Top of the 5th over - 0 run(s), 0 hit(s), 0 error(s), 0 left on base; Calgary 2 - Houston 1
BOTTOM OF THE 5TH
Houston Hammertime batting - Pitching for Calgary Cowboys : LHP Jim Sheppard
Batting: RHB Pedro Meza 0-0: Ball
1-0: Fly out, F8 (Flyball, 8LM)
Batting: LHB Fernando Camacho 0-0: Ball
1-0: SINGLE (Line Drive, 3D)
Pitching: RHP Mitsunari Jouda
Batting: LHB Bartolo Villanueva 0-0: Foul Ball, location: 2F
0-1: Swinging Strike
0-2: Strikes out swinging
Batting: RHB Rafael Torres 0-0: Called Strike
0-1: Ball
1-1: Ball
2-1: SINGLE (Line Drive, 7LS)
Fernando Camacho to second
Batting: RHB Mario Beltrán 0-0: Ground out 5-3 (Groundball, 56)
Bottom of the 5th over - 0 run(s), 2 hit(s), 0 error(s), 2 left on base; Calgary 2 - Houston 1
TOP OF THE 6TH
Calgary Cowboys batting - Pitching for Houston Hammertime : LHP Martín Reyes
Batting: RHB Jorge Balencia 0-0: Called Strike
0-1: Ball
1-1: Ground out 6-3 (Groundball, 6)
Batting: LHB Terry Maloney 0-0: Called Strike
0-1: Called Strike
0-2: Ground out 5-3 (Groundball, 56)
Batting: LHB Miguel Pérez 0-0: Ball
1-0: Foul Ball, location: 2F
1-1: SINGLE (Flyball, 8LS)
Batting: RHB Ramón Martínez 0-0: Fly out, F8 (Flyball, 8RD)
Top of the 6th over - 0 run(s), 1 hit(s), 0 error(s), 1 left on base; Calgary 2 - Houston 1
BOTTOM OF THE 6TH
Houston Hammertime batting - Pitching for Calgary Cowboys : RHP Mitsunari Jouda
Batting: LHB Juan Cabañas 0-0: Ball
1-0: Swinging Strike
1-1: Foul Ball, location: 2F
1-2: Ball
2-2: Fly out, F8 (Flyball, 8RM)
Batting: RHB Moo-hyun Pak 0-0: Ball
1-0: Ball
2-0: Foul Ball, location: 2F
2-1: Called Strike
2-2: Ball
3-2: Foul Ball, location: 2F
3-2: Ground out 1-3 (Groundball, 23)
Batting: LHB Enrique Valentín 0-0: Ground out 4-3 (Groundball, 34)
Bottom of the 6th over - 0 run(s), 0 hit(s), 0 error(s), 0 left on base; Calgary 2 - Houston 1
TOP OF THE 7TH
Calgary Cowboys batting - Pitching for Houston Hammertime : LHP Martín Reyes
Batting: RHB Shayne Burry 0-0: Ball
1-0: Ball
2-0: Fly out, F9 (Flyball, 9LM)
Batting: LHB Freddy Herrera 0-0: Ball
1-0: Ball
2-0: SINGLE (Groundball, 56D)
Batting: RHB Mario Sánchez 0-0: Called Strike
0-1: Ball
1-1: SINGLE (Groundball, 5D)
Freddy Herrera to second
Batting: RHB Tom Yarbrough 0-0: Called Strike
0-1: Ball
1-1: Ball
2-1: Ball
3-1: Foul Ball, location: 2F
3-2: SINGLE (Groundball, 34D)
Freddy Herrera to third
Mario Sánchez to second
Runner from 3rd tries for Home, SAFE, throw made home
Mario Sánchez to third
Tom Yarbrough to second
Batting: RHB Clark Hodge 0-0: Intentional Walk
Batting: RHB Jorge Balencia 0-0: Fly out, F3 (Popup, 3DF)
Batting: LHB Terry Maloney 0-0: Called Strike
0-1: Ground out 4-3 (Groundball, 4)
Top of the 7th over - 1 run(s), 3 hit(s), 0 error(s), 3 left on base; Calgary 3 - Houston 1
BOTTOM OF THE 7TH
Houston Hammertime batting - Pitching for Calgary Cowboys : RHP Mitsunari Jouda
Batting: RHB Brian Smith 0-0: Ball
1-0: Swinging Strike
1-1: Swinging Strike
1-2: Strikes out swinging
Pitching: RHP Eric Bell
Batting: RHB Pedro Meza 0-0: Ball
1-0: SINGLE (Line Drive, 34D)
Batting: LHB Fernando Camacho 0-0: Called Strike
Throwing error on steal attempt, E2
Pedro Meza to third
0-1: Foul Ball, location: 2F
0-2: Ball
1-2: Ground out U3 (Groundball, 3)
Batting: LHB Bartolo Villanueva 0-0: Called Strike
0-1: Called Strike
0-2: Ball
1-2: Ball
2-2: Foul Ball, location: 2F
2-2: Strikes out looking
Bottom of the 7th over - 0 run(s), 1 hit(s), 1 error(s), 1 left on base; Calgary 3 - Houston 1
TOP OF THE 8TH
Calgary Cowboys batting - Pitching for Houston Hammertime : LHP Martín Reyes
Pitching: RHP Andrés Rivera
Batting: LHB Miguel Pérez 0-0: Foul Ball, location: 2F
0-1: Fly out, F9 (Flyball, 9M)
Batting: RHB Ramón Martínez 0-0: Called Strike
0-1: Ball
1-1: Fly out, F7 (Flyball, 78S)
Batting: RHB Shayne Burry 0-0: Called Strike
0-1: Ball
1-1: Swinging Strike
1-2: Ball
2-2: Foul Ball, location: 2F
2-2: Strikes out swinging
Top of the 8th over - 0 run(s), 0 hit(s), 0 error(s), 0 left on base; Calgary 3 - Houston 1
BOTTOM OF THE 8TH
Houston Hammertime batting - Pitching for Calgary Cowboys : RHP Eric Bell
Batting: RHB Rafael Torres 0-0: Ball
1-0: DOUBLE (Line Drive, 5L)
Pitching: RHP Esteban Castro
Batting: RHB Mario Beltrán 0-0: Ball
1-0: Swinging Strike
1-1: Called Strike
1-2: Ball
2-2: Ball
3-2: Strikes out looking
Pitching: LHP Takayuki Ine
Batting: LHB Juan Cabañas 0-0: Ball
1-0: Ball
2-0: Called Strike
2-1: Ground out 4-3 (Groundball, 4)
Rafael Torres to third
Pitching: LHP Boboy Ambay
Batting: RHB Moo-hyun Pak 0-0: Ball
1-0: Ball
2-0: Foul Ball, location: 2F
2-1: Ball
3-1: Swinging Strike
3-2: Strikes out swinging
Bottom of the 8th over - 0 run(s), 1 hit(s), 0 error(s), 1 left on base; Calgary 3 - Houston 1
TOP OF THE 9TH
Calgary Cowboys batting - Pitching for Houston Hammertime : RHP Andrés Rivera
Batting: LHB Freddy Herrera 0-0: Ball
1-0: Fly out, F7 (Line Drive, 78M)
Batting: RHB Mario Sánchez 0-0: SOLO HOME RUN (Flyball, 8RXD), Distance : 422 ft
Batting: RHB Tom Yarbrough 0-0: Ball
1-0: Fly out, F3 (Popup, 3)
Batting: RHB Clark Hodge 0-0: Swinging Strike
0-1: Swinging Strike
0-2: Strikes out swinging
Top of the 9th over - 1 run(s), 1 hit(s), 0 error(s), 0 left on base; Calgary 4 - Houston 1
BOTTOM OF THE 9TH
Houston Hammertime batting - Pitching for Calgary Cowboys : LHP Boboy Ambay
Pitching: RHP Tatsuzo Harada
Batting: LHB Enrique Valentín 0-0: Ground out 4-3 (Groundball, 4)
Batting: RHB Brian Smith 0-0: Ball
1-0: Called Strike
1-1: Ball
2-1: Called Strike
2-2: Foul Ball, location: 2F
2-2: Foul Ball, location: 2F
2-2: Ball
3-2: Base on Balls
Batting: RHB Pedro Meza 0-0: Called Strike
0-1: Foul Ball, location: 2F
0-2: Foul Ball, location: 2F
0-2: Foul Ball, location: 2F
0-2: Strikes out looking
Batting: LHB Fernando Camacho 0-0: Called Strike
0-1: Called Strike
0-2: Ball
1-2: Reached on error, E1 (Groundball, 13S)
Brian Smith to second
Pinch Hitting: SHB Cristo Ontiveros 0-0: Ball
1-0: Called Strike
1-1: Foul Ball, location: 2F
1-2: Ball
2-2: Foul Ball, location: 2F
2-2: Ground out 3-1 (Groundball, 34)
Bottom of the 9th over - 0 run(s), 0 hit(s), 1 error(s), 2 left on base; Calgary 4 - Houston 1
This league is powered by Out of the Park Baseball, the baseball management simulation game for PC, Mac and Linux
Tuesday, August 2nd, 2016 - OOTP Baseball 16.8 Build 38